 Dungeon Crawl Stone Soup version 0.30-a0-743-gbfdf073431 (console) character file.

Game seed: 2215228533883628642

112 rlgrobin the Caller (level 4, 0/30 HPs)
             Began as a Demonspawn Summoner on Feb 6, 2023.
             Succumbed to Ijyb's poison
             ... on level 3 of the Dungeon.
             The game lasted 00:05:18 (2170 turns).

rlgrobin the Caller (Demonspawn Summoner)           Turns: 2170, Time: 00:05:19

Health: 0/30       AC:  3    Str:  8    XL:     4   Next: 63%
Magic:  2/9        EV: 12    Int: 19    God:
Gold:   99         SH:  0    Dex: 13    Spells: 4/10 levels left

rFire   . . .      SeeInvis .    a - +0 dagger (elec)
rCold   . . .      Faith    .    (no shield)
rNeg    . . .      Spirit   .    f - +0 robe
rPois   .          Reflect  .    (no helmet)
rElec   .          Harm     .    (no cloak)
rCorr   .          Rampage  .    (no gloves)
Will    +....                    g - +0 pair of boots
Stlth   ++                       (no amulet)
HPRegen 0.25/turn                n - ring of willpower
MPRegen 0.11/turn                (no ring)

@: brilliant, lethally poisoned (0 -> -1)
A: spiny 1
a: no special abilities


You were on level 3 of the Dungeon.
You visited 1 branch of the dungeon, and saw 3 of its levels.

You collected 99 gold pieces.

Inventory:

Hand Weapons
 a - a +0 dagger of electrocution (weapon)
 m - a +4 dagger of protection
Missiles
 c - 5 poisoned darts (quivered)
 e - 6 boomerangs
Armour
 f - a +0 robe (worn)
 g - a +0 pair of boots (worn)
Jewellery
 n - a ring of willpower (left hand)
Scrolls
 d - 2 scrolls of fog {unknown}
 h - a scroll of amnesia {unknown}
 j - 2 scrolls of identify {unknown}
 k - a scroll of blinking {unknown}
 l - a scroll of noise {unknown}
 o - 2 scrolls of enchant armour {unknown}
Potions
 b - a potion of magic


   Skills:
 - Level 1.7 Dodging
 - Level 1.7 Stealth
 + Level 3.5 Spellcasting
 + Level 5.1 Summonings


You had 4 spell levels left.
You knew the following spells:

 Your Spells              Type           Power      Damage    Failure   Level
a - Call Canine Familiar  Summ           34%        N/A       5%          3
b - Call Imp              Summ           34%        N/A       2%          2
c - Summon Small Mammal   Summ           100%       N/A       1%          1

Your spell library contained the following spells:

 Spells                   Type           Power      Damage    Failure   Level
 Summon Guardian Golem    Hex/Summ       19%        N/A       16%         3
 Summon Lightning Spire   Summ/Air       19%        N/A       45%         4


Dungeon Overview and Level Annotations

Branches:
Dungeon (3/15)

Altars:


Innate Abilities, Weirdness & Mutations

You are partially covered in sharp spines.


Message History

Your hound bites Ijyb but does no damage.
The goblin unwields a +0 sling.
The goblin wields a +0 club.
The goblin closely misses your crimson imp.
Your hound barely misses Ijyb.
Ijyb zaps a wand.
The bolt of light misses you.
The now-empty wand crumbles to dust.
Your crimson imp hits Ijyb but does no damage.
Your hound bites Ijyb.
The goblin barely misses your crimson imp.
You hit Ijyb but do no damage.
Ijyb is severely wounded.
The goblin unwields a +0 club.
The goblin wields a +0 sling.
The goblin shoots a sling bullet.
The sling bullet closely misses your hound.
The sling bullet closely misses Ijyb.
The sling bullet barely misses you.
Your hound barely misses Ijyb.
Ijyb hits you but does no damage.
You are poisoned.
Your crimson imp hits Ijyb but does no damage.
You hit Ijyb. Lightning courses through Ijyb!
You kill Ijyb!
You feel sick.
The goblin shoots a sling bullet.
The sling bullet closely misses your hound.
The sling bullet hits you.
* * * LOW HITPOINT WARNING * * *
Your Summonings skill increases to level 5!
* * * LOW HITPOINT WARNING * * *
You feel sick.
Your hound bites the goblin.
The goblin dies!
* * * LOW HITPOINT WARNING * * *
You feel sick.
* * * LOW HITPOINT WARNING * * *
You feel sick.
* * * LOW HITPOINT WARNING * * *
You feel sick.
* * * LOW HITPOINT WARNING * * *
You feel sick.
It was a potion of brilliance.
You feel clever all of a sudden.
* * * LOW HITPOINT WARNING * * *
You feel sick.
You die...

#≈≈≈≈≈≈≈#.....#≈≈≈#
≈≈≈.....#.†...#...#
≈≈....).#.....#...
≈≈..##)##.....##'##
≈≈..#...#.††..#...#
≈≈..#...#..)).#.†)#
≈≈..#...#.....#...#
≈≈..##'##.....##'##
≈≈...#..........@.#
≈≈...#..........5h#
≈≈...##########...#
≈≈#### ..§§§.#...#
≈≈ ......)...# ≈≈
...)..'...#
###########


You could see a friendly hound (summoned) and a friendly crimson imp (summoned).

Vanquished Creatures
  Ijyb (D:3)
  A worm (D:2)
  A dart slug (D:2)
  6 ball pythons
  2 endoplasms (D:1)
  2 giant cockroaches (D:1)
  3 goblins
  3 hobgoblins (D:1)
  A jackal (D:3)
  3 kobolds
  A quokka (D:1)
  4 bats
  2 frilled lizards
  5 rats
35 creatures vanquished.

Vanquished Creatures (collateral kills)
  A dart slug (D:1)
  An endoplasm (D:1)
  A giant cockroach (D:3)
  7 hobgoblins
  2 jackals (D:3)
  A quokka (D:1)
  A ball python (D:1)
  4 bats (D:1)
  12 goblins
  A kobold (D:2)
  2 rats (D:1)
33 creatures vanquished.

Vanquished Creatures (others)
  4 fungi (D:1)
  3 plants (D:1)
7 creatures vanquished.

Grand Total: 75 creatures vanquished

Notes
Turn   | Place    | Note
-------+----------+-------------------------------------------
     0 | D:1      | rlgrobin the Demonspawn Summoner began the quest for the
                  | Orb.
     0 | D:1      | Reached XP level 1. HP: 13/13 MP: 3/3
   151 | D:1      | Gained mutation: You are partially covered in sharp spines.
                  | [demonic ancestry]
   151 | D:1      | Reached XP level 2. HP: 14/19 MP: 3/5
   197 | D:1      | Learned a level 2 spell: Call Imp
   459 | D:1      | Reached XP level 3. HP: 24/24 MP: 5/7
   611 | D:1      | Found a faded altar of an unknown god.
  1962 | D:3      | Reached XP level 4. HP: 30/30 MP: 8/8
  2028 | D:3      | Learned a level 3 spell: Call Canine Familiar
  2143 | D:3      | Noticed Ijyb
  2163 | D:3      | Killed Ijyb
  2164 | D:3      | Reached skill level 5 in Summonings
  2168 | D:3      | HP: 1/30 [poisoned by Ijyb]
  2170 | D:3      | Succumbed to Ijyb's poison

Illustrated notes

Levels and vault maps discovered:
D:1:      dpeg_arrival_morbid_curiosity, layout_basic,
          shapermc_ecumenical_altar_mp_urbaneastern, minmay_heptomino_w4
D:2:      layout_loops_corners, basic_altar, minmay_misc_feat_four_crosses,
          st_stairs_11
D:3:      kennysheep_goblin_castle, layout_loops_ring,
          nicolae_gozag_cash_rules_everything_around_me, minitemple,
          nicolae_titane

Skill      XL: |  1  2  3  4 |
---------------+-------------+-----
Spellcasting   | 3 |  3.5
Summonings     | 5 |  5.1
Dodging        | |  1.7
Stealth        | |  1.7

Action                     |  1- 3 |  4- 6 || total
---------------------------+-------+-------++-------
  Melee: Unarmed           |    11 |       ||    11
         Dagger            |    60 |    12 ||    72
  Throw: Dart              |     2 |       ||     2
   Cast: Summon Small Mamm |    10 |     1 ||    11
         Call Imp          |    15 |     3 ||    18
         Call Canine Famil |       |     3 ||     3
    Use: Potion            |       |     3 ||     3
   Stab: Sleeping          |     2 |     1 ||     3
 Armour: Robe              |    23 |     4 ||    27
  Dodge: Dodged            |    43 |     9 ||    52

Table legend: (Time is in decaauts)
 A = Elapsed time spent in this place.
 B = Non-inter-level travel time spent in this place.
 C = Inter-level travel time spent in this place.
 D = Time resting spent in this place.
 E = Time spent auto-exploring this place.
 F = Levels seen in this place.
 G = Mean time per level.
                   A        B        C        D        E       F      G
               +--------+--------+--------+--------+--------+-----+--------+
         Total |   2167 |   2055 |    112 |     87 |   1464 |   3 |  722.3 |
       Dungeon |   2167 |   2055 |    112 |     87 |   1464 |   3 |  722.3 |
               +--------+--------+--------+--------+--------+-----+--------+

Top non-repeatable levels by time:
     D:1: 1062 daAuts
     D:2: 854 daAuts
     D:3: 250 daAuts
